 Dungeon Crawl Stone Soup version 0.19.0-20-gbc5f0c6 (webtiles) character file.

156 dracos369 the Spear-Bearer (level 5, -5/36 HPs)
             Began as a Merfolk Chaos Knight on Nov 16, 2016.
             Slain by an iron imp (10 damage)
             ... summoned by Eustachio
             ... on level 4 of the Dungeon.
             The game lasted 00:10:09 (2895 turns).

dracos369 the Spear-Bearer (Merfolk Chaos Knight)   Turns: 2895, Time: 00:10:12

Health: -5/36      AC:  8    Str: 13    XL:     5   Next: 37%
Magic:  5/5        EV: 12    Int: 16    God:    Xom [.....*]
Gold:   134        SH:  0    Dex: 14    Spells: 0 memorised, 4 levels left

rFire  . . .     SeeInvis .     a - +1 spear (chaos)
rCold  . . .     Gourm    .     b - +2 leather armour
rNeg   . . .     Faith    .     (no shield)
rPois  .         Spirit   .     q - +1 helmet
rElec  .         Reflect  .     k - +0 cloak
rCorr  .         Harm     .     (no gloves)
MR     .....     Rnd*Rage +     (no boots)
Stlth  ++........               t - amulet of inaccuracy (curse)
                                (no ring)
                                s - ring of stealth

@: brilliant, flying, drained
A: change form in water, swift swim, stealthy swim, berserk 1, blurry vision 1,
frail 1
a: Renounce Religion


You were on level 4 of the Dungeon.
You worshipped Xom.
You were Xom's teddy bear.
You were not hungry.

You visited 1 branch of the dungeon, and saw 4 of its levels.

You collected 134 gold pieces.

Inventory:

Hand Weapons
 a - a +1 spear of chaos (weapon)
Missiles
 g - 2 tomahawks (quivered)
Armour
 b - a +2 leather armour (worn)
 k - a +0 cloak (worn)
 q - a +1 helmet (worn)
Jewellery
 s - a ring of stealth (left hand)
 t - a cursed amulet of inaccuracy (around neck)
Scrolls
 i - 3 scrolls of enchant armour
 p - a scroll of identify
 r - 2 scrolls of teleportation
Potions
 d - 2 potions of lignification
 e - a potion of invisibility
 m - a potion of heal wounds {unknown}
Comestibles
 c - 5 bread rations
 f - 13 chunks of flesh
 h - 3 fruits
 n - 2 beef jerkies
 o - a meat ration


   Skills:
 - Level 3.2(2.7) Fighting
 + Level 8.5(7.9) Polearms
 - Level 0.6(0.0) Armour
 - Level 2.6(2.1) Dodging


You had 4 spell levels left.
You didn't know any spells.

Dungeon Overview and Level Annotations

Branches:
Dungeon (4/15)
 Temple: D:4-7

Altars:

Annotations:
D:3 1 runed door, Grinder
D:4 Eustachio


Innate Abilities, Weirdness & Mutations

You revert to your normal form in water.
You are very nimble and swift while swimming.
You are very stealthy in the water. (Stealth+)
You tend to lose your temper in combat.
Scrolls take you a little longer to read.
You are frail. (-10% HP)


Message History

Attack whom?
Press: ? - help, Dir - move target cursor, f/p - Eustachio
Aim: Eustachio, wielding a falchion and wearing a leather armour You reach to attack!
You miss Eustachio.
The iron imp hits you but does no damage.
The iron imp misses you.
It was a potion of flight.
You feel very buoyant.
You fly up into the air.
Xom thinks this is hilarious!
The white imp closely misses you. Eustachio hits you with a falchion.
* * * LOW HITPOINT WARNING * * *
It was a potion of brilliance.
You feel clever all of a sudden.
Xom thinks this is hilarious!
The white imp barely misses you.
The iron imp hits you but does no damage.
The iron imp hits you!
You die...
Xom howls with laughter!

### ###.##
########....####
#........#......
#.##############
#####.##
#.@..#.#
#.5@###.# ##
#.55.# ## #.
##!##.# #. #. ##
##. #. #.. .h
#.. #. #.. #.
#.. .#####..


You could see Eustachio, a hound (wandering), 2 iron imps and a white imp.

Vanquished Creatures
  7 adders
  An ooze (D:2)
  A worm (D:2)
  2 dart slugs (D:1)
  2 leopard geckos
  8 orcs
  2 giant cockroaches (D:4)
  5 goblins
  9 hobgoblins
  2 jackals (D:4)
  A quokka (D:4)
  8 bats
  A bat (shapeshifter) (D:2)
  6 frilled lizards
  6 kobolds
  6 rats
67 creatures vanquished.

Vanquished Creatures (others)
  An adder (D:2)
  A plant (D:1)
2 creatures vanquished.

Grand Total: 69 creatures vanquished

Notes
Turn   | Place    | Note
-------+----------+-------------------------------------------
     0 | D:1      | dracos369 the Merfolk Chaos Knight began the quest for the Orb.
     0 | D:1      | Reached XP level 1. HP: 18/18 MP: 1/1
   130 | D:1      | Reached skill level 5 in Polearms
   136 | D:1      | Reached XP level 2. HP: 24/24 MP: 2/2
   432 | D:1      | XOM: harmless Hex miscast
   506 | D:1      | XOM: divination: detect creatures
   720 | D:1      | XOM: silly message
   771 | D:1      | Reached XP level 3. HP: 29/29 MP: 3/3
   788 | D:2      | Reached skill level 6 in Polearms
  1189 | D:2      | Reached XP level 4. HP: 21/35 MP: 4/4
  1195 | D:2      | Reached skill level 7 in Polearms
  1201 | D:2      | Gained mutation: You tend to lose your temper in combat. [mutagenic meat]
  1203 | D:2      | XOM: silly message
  1287 | D:2      | XOM: harmless Ice miscast
  1420 | D:2      | XOM: draining
  2031 | D:3      | XOM: give mutations
  2031 | D:3      | Gained mutation: Scrolls take you a little longer to read. [Xom's mischief]
  2031 | D:3      | Gained mutation: You are frail. (-10% HP) [Xom's mischief]
  2097 | D:3      | Found a runed door.
  2226 | D:3      | Reached skill level 8 in Polearms
  2226 | D:3      | Reached XP level 5. HP: 36/36 MP: 5/5
  2231 | D:3      | XOM: summons 2 hostile demons
  2526 | D:3      | Noticed Grinder
  2528 | D:3      | Paralysed by Grinder for 2 turns
  2543 | D:3      | XOM: 1-stop teleportation journey
  2814 | D:4      | XOM: chaos upgrade
  2884 | D:4      | Noticed Eustachio
  2895 | D:4      | Slain by an iron imp

Skill      XL: |  1  2  3  4 |
---------------+-------------+-----
Polearms       | 5 6 8 |  8.5
Fighting       | |  3.2
Armour         | |  0.6
Dodging        | |  2.6

Action                   |  1- 3 |  4- 6 || total
-------------------------+-------+-------++-------
Melee: Spear             |   117 |   194 ||   311
Throw: Tomahawk          |       |     3 ||     3
  Use: Potion            |     1 |     2 ||     3
       Scroll            |       |     7 ||     7
 Stab: Sleeping          |     1 |     2 ||     3
       Petrifying        |       |     1 ||     1
       Petrified         |       |     9 ||     9
  Eat: Chunk             |     1 |     7 ||     8
Armor: Leather armour    |    21 |    49 ||    70
Dodge: Dodged            |    51 |    75 ||   126
